 Dungeon Crawl Stone Soup version 0.20-a0-971-g5896763 (webtiles) character file.

494 Idiomancer the Slasher (level 7, -5/46 HPs)
             Began as an Octopode Fighter on Apr 8, 2017.
             Killed from afar by an orc wizard (12 damage)
             ... with a puff of frost
             ... on level 4 of the Dungeon.
             The game lasted 00:07:15 (3612 turns).

Idiomancer the Slasher (Octopode Fighter)           Turns: 3612, Time: 00:07:15

Health: -5/46      AC:  1    Str: 16    XL:     7   Next: 15%
Magic:  7/7        EV: 12    Int: 10    God:
Gold:   139        SH:  9    Dex: 13    Spells: 6/6 levels left

rFire    . . .     SeeInvis .   a - +0 long sword
rCold    . . .     Gourm    .   b - +0 shield
rNeg     . . .     Faith    .   (helmet restricted)
rPois    .         Spirit   .   (no amulet)
rElec    .         Reflect  .   (no ring)
rCorr    .         Harm     .   (no ring)
MR       .....                  (no ring)
Stlth    ++........             (no ring)
Regen    0.2/turn               (no ring)
MPRegen  0.1/turn               (no ring)
                                (no ring)
                                (no ring)

@: no status effects
A: almost no armour, stealthy swim, amphibious, 8 rings, constrict 8, camouflage
1, gelatinous body 1
a: no special abilities


You were on level 4 of the Dungeon.
You were hungry.

You visited 1 branch of the dungeon, and saw 4 of its levels.

You collected 139 gold pieces.

Inventory:

Hand Weapons
 a - a +0 long sword (weapon)
Armour
 b - a +0 shield (worn)
Jewellery
 q - an uncursed ring of ice
Scrolls
 g - 3 scrolls of fear {unknown}
 i - 3 scrolls of magic mapping
 k - a scroll of identify
 s - a scroll of enchant armour {unknown}
Potions
 c - 2 potions of might
 e - a potion of heal wounds {unknown}
 j - 2 potions of brilliance {unknown}
 m - a potion of curing
 o - a potion of resistance {unknown}
 p - a potion of berserk rage {unknown}
 r - a potion of mutation {unknown}
Comestibles
 d - 4 bread rations
 f - a meat ration
 h - a royal jelly
 l - 3 fruits
 n - 2 chunks of flesh


   Skills:
 + Level 3.5 Fighting
 - Level 7.3 Long Blades
 - Level 3.0 Dodging
 - Level 3.0 Shields


You had 6 spell levels left.
You didn't know any spells.

Dungeon Overview and Level Annotations

Branches:
Dungeon (4/15)
 Temple: D:4-7

Altars:
Ru
Sif Muna
Trog


Innate Abilities, Weirdness & Mutations

You cannot wear most types of armour.
You are very stealthy in the water. (Stealth+)
You are amphibious.
You can wear up to eight rings at the same time.
You can use your tentacles to constrict eight enemies at once.
Your skin changes colour to match your surroundings (Stealth+).
Your rubbery body absorbs attacks. (AC +1, EV +1)


Message History

You feel better.
You constrict the orc priest. The orc priest hits you with a flail.
* * * LOW HITPOINT WARNING * * *
You block the orc's attack.
The orc wizard looks braver for a moment.
You hit the orc wizard. You grab the orc wizard. You squeeze the orc wizard.
The orc wizard is moderately wounded.
You constrict the orc wizard.
You constrict the orc priest, but do no damage.
You are feeling hungry.
You block the orc priest's attack. The orc closely misses you.
You riposte.
You slash the orc!
You kill the orc!
The orc wizard misses you.
You hit the orc priest but do no damage.
The orc priest is moderately wounded.
You constrict the orc wizard. You constrict the orc priest.
The orc wizard points at you and mumbles some strange words.
The puff of frost hits you!
You die...

#.#
#..##### #
#.# #....
..# ##.###
### +# .
### ♣♣♣..
## #..
...... .#
#.##......
.###
##.#o......
...+
+..@)......
.###
##.#o..####
.# #.##.##
.# #.#####
.# #.#...##
.# #+#
#......##
.# #.#
#.......#
.# #.#
#.......#
##
#####.###
#.......#


You could see an orc priest and an orc wizard.

Vanquished Creatures
  Sigmund (D:3)
  2 eyes of draining (D:3)
  An orc wizard (D:4)
  4 adders
  4 worms
  2 dart slugs (D:1)
  2 leopard geckos (D:3)
  6 orcs
  2 ball pythons
  3 giant cockroaches
  7 goblins
  9 hobgoblins
  11 jackals
  A quokka (D:2)
  5 bats
  3 frilled lizards
  5 kobolds
  A quokka skeleton (D:4)
  8 rats
77 creatures vanquished.

Notes
Turn   | Place    | Note
-------+----------+-------------------------------------------
     0 | D:1      | Idiomancer the Octopode Fighter began the quest for the Orb.
     0 | D:1      | Reached XP level 1. HP: 16/16 MP: 1/1
   195 | D:1      | Reached XP level 2. HP: 21/21 MP: 2/2
   257 | D:1      | Reached skill level 3 in Long Blades
   739 | D:2      | Reached XP level 3. HP: 26/26 MP: 3/3
   778 | D:2      | Found a deep blue altar of Sif Muna.
  1070 | D:2      | Reached skill level 4 in Long Blades
  1341 | D:2      | Reached XP level 4. HP: 31/31 MP: 4/4
  2093 | D:3      | Found a sacrificial altar of Ru.
  2533 | D:3      | Noticed Sigmund
  2775 | D:3      | Found a bloodstained altar of Trog.
  2775 | D:3      | Noticed an eye of draining
  2795 | D:3      | Killed an eye of draining
  2795 | D:3      | Reached skill level 5 in Long Blades
  2795 | D:3      | Reached XP level 5. HP: 36/36 MP: 0/5
  2796 | D:3      | Noticed an eye of draining
  2809 | D:3      | Killed Sigmund
  2809 | D:3      | Reached skill level 6 in Long Blades
  2809 | D:3      | Reached XP level 6. HP: 30/42 MP: 0/6
  2818 | D:3      | Killed an eye of draining
  2818 | D:3      | Reached skill level 7 in Long Blades
  2818 | D:3      | Reached XP level 7. HP: 32/46 MP: 0/7
  3609 | D:4      | HP: 2/46 [orc wizard/puff of frost (7)]
  3612 | D:4      | Killed from afar by an orc wizard

Vault maps used:
D:1:      ncdulo_lavacross, minmay_tetromino_t2
D:2:      nicolae_overflow_crystal_walls, roderic_roman_lattice,
          kennysheep_generic_room_16
D:3:      nicolae_ru_sacrificial_ziggurat, trog_eyes_of_draining, uniq_sigmund
D:4:      minmay_temple_entry_statues_pillars, first_bread, serial_forest,
          infiniplex_forest_clump_curved, infiniplex_forest_straight_4,
          infiniplex_forest_end_1, infiniplex_forest_straight_2,
          infiniplex_forest_clump_double, infiniplex_forest_lined_room_,
          infiniplex_forest_end_1, infiniplex_forest_clump_curved

Skill      XL: |  1  2  3  4  5  6 |
---------------+-------------------+-----
Long Blades    | 3 4 5 6 7 |  7.3
Fighting       | |  3.5
Dodging        | |  3.0
Shields        | |  3.0

Action                   |  1- 3 |  4- 6 |  7- 9 || total
-------------------------+-------+-------+-------++-------
Melee: Long sword        |    48 |    70 |    27 ||   145
       Constrict         |    12 |    19 |    10 ||    41
       Tentacles         |    11 |    10 |     5 ||    26
  Use: Scroll            |       |     4 |       ||     4
       Potion            |       |       |     1 ||     1
 Stab: Sleeping          |     7 |     4 |     4 ||    15
       Distracted        |       |       |     1 ||     1
  Eat: Chunk             |     1 |     5 |     2 ||     8
Armor: Skin              |     3 |     5 |     3 ||    11
Dodge: Dodged            |    22 |    19 |     7 ||    48
Block: Shield            |    16 |    23 |    11 ||    50
       Rpst.: Long sword |     7 |     3 |     2 ||    12
